 Dungeon Crawl Stone Soup version 0.30.1-11-g7821555f0a (webtiles) character file.

Game seed: 5832009465261710178

91 GreatBamboolord the Magician (level 4, -1/32 HPs)
             Began as a Djinni Necromancer on Dec 1, 2023.
             Slain by Grinder (8 damage)
             ... on level 3 of the Dungeon.
             The game lasted 00:03:33 (1934 turns).

GreatBamboolord the Magician (Djinni Necromancer)   Turns: 1934, Time: 00:03:33

Health: -1/32      AC:  4    Str:  7    XL:     4   Next: 88%
Gold:   145        EV: 12    Int: 25    God:
                   SH:  0    Dex: 13

rFire   + + .        i - +1 dagger (vamp)
rCold   x . .        (no shield)
rNeg    . . .        a - +0 robe
rPois   ∞            (no helmet)
rElec   .            k - +0 cloak
rCorr   .            j - +0 pair of gloves
SInv    .            (boots unavailable)
Will    .....        (no amulet)
Stlth   ++           l - +6 ring of intelligence
HPRegen 0.25/turn    (no ring)
MPRegen 0.00/turn

%: infuse magic (-2 HP)
@: attractive, flying, invisible
A: sickness immunity, fire resistance 2, cold vulnerability 1, float, innate
caster, HP casting, extra vitality 1
a: no special abilities


You were on level 3 of the Dungeon.
You visited 1 branch of the dungeon, and saw 3 of its levels.

You collected 145 gold pieces.

Inventory:

Hand Weapons
 i - a +1 vampiric dagger (weapon)
Armour
 a - a +0 robe (worn)
 j - a +0 pair of gloves (worn)
 k - a +0 cloak (worn)
Magical Staves
 n - a staff of poison
Jewellery
 l - a +6 ring of intelligence (left hand)
Wands
 d - a wand of iceblast (10)
 o - a wand of flame (16)
Scrolls
 b - 2 scrolls of vulnerability
 h - a scroll of immolation {unknown}
 m - a scroll of summoning {unknown}
Potions
 p - a potion of mutation {unknown}


   Skills:
 + Level 1.5 Fighting
 + Level 3.0 Dodging
 + Level 2.3 Stealth
 * Level 3.8 Spellcasting


You knew the following spells:

 Your Spells              Type           Power      Damage    Failure   Level
a - Necrotise             Necr           96%        1d8       1%          1
b - Vampiric Draining     Necr           24%        2d7       5%          3
c - Animate Dead          Necr           24%        N/A       19%         4
d - Agony                 Necr           24%        N/A       45%         5
e - Kiss of Death         Conj/Necr      96%        2d12      1%          1
Your spell library was empty.

Dungeon Overview and Level Annotations

Branches:
Dungeon (3/15)

Altars:
Xom

Shops:
D:1 =

Annotations:
D:3 Grinder


Innate Abilities, Weirdness & Mutations

You are immune to sickness and miasma.
You are immune to poison.
Your flesh is very heat resistant. (rF++)
You are vulnerable to cold. (rC-)
You float through the air rather than walking.
You learn spells naturally, not from books.
Your magical power is your life essence.
You have superior vitality. (+4 MHP)


Message History

There is an open door here.
There is an open door here.
Found an escape hatch in the floor.
You now have 105 gold pieces (gained 13).
You now have 109 gold pieces (gained 4).
Found an escape hatch in the ceiling.
Found a stone staircase leading down.
Found 6 stones.
Found a stone.
Found a stone staircase leading down.
You now have 125 gold pieces (gained 16).
You now have 136 gold pieces (gained 11).
You now have 145 gold pieces (gained 9).
Found a kite shield.
p - a fizzy white potion No target in view!
You see here a +0 kite shield.
Found a stone staircase leading up.
Grinder comes into view.
You can't see any susceptible monsters within range! (Use Z to cast anyway.)
The helpless Grinder fails to defend herself.
You hit Grinder.
Grinder is lightly wounded.
Grinder gestures at you. Pain shoots through your body!
The air fills with toxic fumes!
As you read the scroll labelled HYNWIOFENG, it crumbles to dust.
It was a scroll of poison.
Grinder gestures at you. You resist with significant effort.
It was a potion of attraction.
You feel attractive to monsters. Grinder hits you.
You writhe in agony.
It was a potion of curing.
You feel better. Grinder gestures at you. Pain shoots through your body!
* * * LOW HITPOINT WARNING * * *
It was a potion of invisibility.
You fade into invisibility!
Grinder hits you!
You die...

##...(#####..... #§
#+##.........#.###.
#§§ #......#.>.....#
#. §§#
####..#.####.#.###.
§§§##...###...........
#§#§###.#.####.###...
§§§ #..§§§........#
#.#5###§§##........(#
.. #@§§#.##....###..#
# ##§§§§§§§....##..#
##§§§§§§....##..#
#§#§####........
#.#.## #.#.##..#
#.....##.#.##..#
#..............#
...............#
.....#.#.###.#


You could see Grinder (unable to see you).

Vanquished Creatures
  3 gnolls (D:3)
  3 adders (D:2)
  A dart slug (D:2)
  3 bats
  5 endoplasms
  A giant cockroach (D:1)
  4 goblins
  3 ball pythons
  A frilled lizard (D:2)
  6 kobolds
  4 rats
34 creatures vanquished.

Vanquished Creatures (collateral kills)
  A goblin (D:3)
  A hobgoblin (D:2)
2 creatures vanquished.

Grand Total: 36 creatures vanquished

Notes
Turn   | Place    | Note
-------+----------+-------------------------------------------
     0 | D:1      | GreatBamboolord the Djinni Necromancer began the quest for
                  | the Orb.
     0 | D:1      | GreatBamboolord set off with the following spells
                  | memorised: Necrotise, Vampiric Draining, Animate Dead,
                  | Agony.
     0 | D:1      | Reached XP level 1. HP: 15/15 MP: 0/0
   223 | D:1      | Reached XP level 2. HP: 19/22 MP: 0/0
   417 | D:1      | You are sucked into a shaft and drop 1 floor!
   558 | D:2      | Reached XP level 3. HP: 23/26 MP: 0/0
   558 | D:2      | Learned a level 1 spell: Kiss of Death
   601 | D:1      | Found Detec's Jewellery Shop.
   733 | D:1      | Reached skill level 1 in Fighting
  1049 | D:1      | Found a shimmering altar of Xom.
  1367 | D:2      | Reached XP level 4. HP: 28/32 MP: 0/0
  1533 | D:3      | Found a faded altar of an unknown god.
  1927 | D:3      | Noticed Grinder
  1934 | D:3      | Slain by Grinder

Illustrated notes

Levels and vault maps discovered:
D:1:      dpeg_arrival_lava_altar, layout_basic, serial_shops, shop
D:2:      layout_rooms
D:3:      layout_loops_ring, mainiacjoe_overflow_alcove_2,
          dilly_ecumenical_altar_fadedgnrine, minmay_misc_feat_enclosed,
          kennysheep_orc_chapel, uniq_terence, uniq_grinder

Skill      XL: |  1  2  3  4 |
---------------+-------------+-----
Fighting       | 1 |  1.5
Stealth        | 2 |  2.3
Dodging        | 3 |  3.0
Spellcasting   | |  3.8

Action                     |  1- 3 |  4- 6 || total
---------------------------+-------+-------++-------
  Melee: Dagger            |       |     1 ||     1
   Cast: Necrotise         |    53 |    21 ||    74
    Use: Scroll            |     2 |     1 ||     3
         Potion            |       |     3 ||     3
   Stab: Sleeping          |       |     1 ||     1
 Armour: Robe              |     4 |       ||     4
  Dodge: Dodged            |     9 |     4 ||    13
